 Dungeon Crawl Stone Soup version 0.28.0-43-g3370ac3207 (webtiles) character file.

Game seed: 15471399079228552976

39 Faeu the Covered (level 3, -10/33 HPs)
             Began as a Minotaur Fighter on Mar 23, 2022.
             Was an Initiate of Trog.
             Killed from afar by an oklob plant (28 damage)
             ... with a splash of acid
             ... created by the enmity of Fedhas Madash
             ... on level 3 of the Dungeon.
             The game lasted 00:06:09 (1973 turns).

Faeu the Covered (Minotaur Fighter)                 Turns: 1973, Time: 00:06:10

Health: -10/33     AC:  3    Str: 28    XL:     3   Next: 28%
Magic:  2/2        EV:  9    Int:  5    God:    Trog [......]
Gold:   26         SH:  4    Dex:  9    Spells: 2/2 levels left

rFire   . . .      SeeInvis .   m - +2 dagger (venom) {short}
rCold   . . .      Faith    .   c - +0 buckler
rNeg    . . .      Spirit   .   b - +0 scale mail
rPois   +          Reflect  .   (helmet restricted)
rElec   .          Harm     .   (no cloak)
rCorr   .          Rampage  .   (no gloves)
Will    .....                   (no boots)
Stlth   ..........              (no amulet)
HPRegen 0.11/turn               j - +6 ring of strength
MPRegen 0.08/turn               k - ring of poison resistance

@: corroded
A: horns 2, retaliatory headbutt
a: Renounce Religion


You were on level 3 of the Dungeon.
You worshipped Trog.
Trog was noncommittal.
You visited 1 branch of the dungeon, and saw 3 of its levels.

You collected 26 gold pieces.


Innate Abilities, Weirdness & Mutations

You have a pair of horns on your head.
You reflexively headbutt those who attack you in melee.


   Skills:
 + Level 4.1 Fighting
 + Level 3.0 Long Blades
 + Level 4.1 Armour
 + Level 4.1 Shields


You had 2 spell levels left.
You didn't know any spells.
Your spell library contained the following spells:

 Spells                   Type           Power      Damage    Failure   Level
 Gell's Gravitas          Tloc           0%         N/A       99%         3
 Lesser Beckoning         Tloc           0%         N/A       99%         3
 Teleport Other           Tloc           0%         N/A       99%         3

Inventory:

Hand Weapons
 a - a +0 long sword {long}
 m - a +2 dagger of venom (weapon) {short}
   (You took it off a goblin on level 2 of the Dungeon)
Armour
 b - a +0 scale mail (worn)
 c - a +0 buckler (worn)
 o - an orb of light
   (You found it on level 2 of the Dungeon)
Jewellery
 j - a +6 ring of strength (left hand)
   (You found it on level 1 of the Dungeon)
 k - a ring of poison resistance (right hand)
   (You found it on level 2 of the Dungeon)
Wands
 t - a wand of polymorph (8)
   (You found it on level 3 of the Dungeon)
Scrolls
 e - a scroll of blinking {unknown}
 f - a scroll of enchant weapon {unknown}
 i - a scroll of summoning {unknown}
 l - a scroll of identify {unknown}
 q - a scroll of fog {unknown}
 s - a scroll of immolation {unknown}
 u - a scroll of vulnerability {unknown}
 v - a scroll of brand weapon {unknown}
Potions
 d - a potion of might
 g - 2 potions of curing {unknown}
 h - a potion of attraction {unknown}
 n - a potion of haste {unknown}
 p - a potion of brilliance {unknown}
 r - a potion of lignification {unknown}

Dungeon Overview and Level Annotations

Branches:
Dungeon (3/15)

Altars:
Fedhas
Trog

Annotations:
D:3 exclusion: 3 oklob plants

...# ...# ...# #..# ##...
#.#P# #..# #.# ##.#.#
#..##.#.#
#.)..#####>.##.#.#
#f.P.@.........#.###
######.P.######.... ....
#.......## ##..####.###
#.####...#####...##.....##
#............#(......#
#....#####...#.......#.
#.#.)# #.....††_.....
#.##.## #.#.#.......#.
#.#...## #.#.#.......#.


You could see 3 oklob plants and a wandering mushroom.


Message History

You closely miss the giant cockroach.
The giant cockroach bites you but does no damage.
You hit the giant cockroach.
You kill the giant cockroach!
Fedhas appreciates your contribution to the ecosystem.
r - a dark potion
s - a scroll labelled DIUBIR ONWINKI You see here a +0 robe.
A hobgoblin comes into view.
You barely miss the hobgoblin.
The hobgoblin hits you but does no damage.
You closely miss the hobgoblin.
The hobgoblin hits you but does no damage.
You hit the hobgoblin.
The hobgoblin is poisoned.
You headbutt the hobgoblin.
You kill the hobgoblin!
Fedhas appreciates your contribution to the ecosystem.
You see here a hobgoblin corpse.
A dart slug and a rat come into view.
Found a gold wand and a scroll labelled WIXKASE VIOMP.
Found a bloodstained altar of Trog.
The dart slug moves out of view.
The dart slug launches a dart at you. The slug dart hits you. 😕 HP[-1]
You take 1 damage, and now have 32/33 hp.
The dart slug barely misses you. You furiously retaliate!
You headbutt the dart slug. 😎 HP[+1]
There is a bloodstained altar of Trog here.
You hit the dart slug.
The dart slug is poisoned.
You kill the dart slug!
Fedhas appreciates your contribution to the ecosystem.
The rat twitches its whiskers.
The rat barely misses you.
You see here a dart slug corpse.
You hit the rat but do no damage.
The rat is poisoned.
The rat bites you. 😕 HP[-2]
You take 2 damage, and now have 31/33 hp.
You hit the rat.
You kill the rat!
Fedhas appreciates your contribution to the ecosystem.
You see here a rat corpse.
You see here a rat corpse. 😕 HP[+1]
You see here a dart slug corpse.
There is a bloodstained altar of Trog here.
You kneel at the altar of Trog.
You have lost your religion!
Fedhas does not appreciate desertion!
Trog welcomes you! 🤖 Initializing magus.rc ...
Options error: Delay interrupt name "hungry" not recognised. (~/.crawlrc:4751) Options error: Bad monster_list_colour key: strict_neutral (~/.crawlrc:4766) ✅ Successfully initialized magus.rc [v1.9.6] Welcome back, Faeu the Minotaur Fighter.
Trog says: Kill them all!
Press ? for a list of commands and other information.
t - a wand of polymorph (8) 😎 HP[+1]
You see here 16 arrows.
u - a scroll labelled WIXKASE VIOMP You see here a +0 club {mace}.
There is a stone staircase leading down here.
v - a scroll labelled LYECLO OGUTIU
There is a stone staircase leading down here.
You see here a +0 club {mace}.
A kobold comes into view. It is wielding a +0 club.
The kobold throws a stone.
The stone hits you but does no damage.
The kobold throws a stone.
The stone barely misses you.
You closely miss the kobold. The kobold closely misses you.
You barely miss the kobold. You closely miss the kobold.
The kobold hits you with a +0 club. 😕 HP[-3]
You take 3 damage, and now have 30/33 hp.
You hit the kobold. Your headbutt misses the kobold.
The kobold barely misses you.
You closely miss the kobold. You block the kobold's attack.
You hit the kobold.
You kill the kobold!
Trog accepts your kill.
Things that are here:
a +0 club {mace}; 3 stones {throwing} Plants grow around you in an ominous manner.
Marking area around 2 oklob plants as unsafe for travelling. 2 oklob plants come into view. 😕 HP[+2]
You regained 2 hp, and now have 32/33 hp.
An oklob plant comes into view.
Marking area around an oklob plant as unsafe for travelling.
The oklob plant spits acid at you.
Fedhas protects a plant from harm.
The splash of acid misses you. The oklob plant spits acid at you.
The splash of acid hits you! The acid corrodes you! 😮 HP[-15]
You take 15 damage, and now have 17/33 hp.
MASSIVE DAMAGE!! (PAUSE)
The oklob plant spits acid at you. The splash of acid hits you!!
Ouch! That really hurt!
You die...

Skill      XL: |  1  2 |
---------------+-------+-----
Fighting       | 4 |  4.1
Armour         | 4 |  4.1
Shields        | 4 |  4.1
Long Blades    | 3 |  3.0

Action                   || total
-------------------------++-------
Melee: Long sword        ||    49
       Headbutt          ||     6
       Dagger            ||    22
Armor: Scale mail        ||    34
Dodge: Dodged            ||    45
Block: Buckler           ||    15

Levels and vault maps discovered:
D:1:      dpeg_arrival_houses_and_road, layout_basic,
          ebering_ecumenical_altar_box, kennysheep_doodads
D:2:      layout_basic
D:3:      cheibrodos_helix_gallery, layout_loops_ring, old_standard_altar,
          minitemple, minivault_19, amcnicky_mini_pool_small

Notes
Turn   | Place    | Note
-------+----------+-------------------------------------------
     0 | D:1      | Faeu the Minotaur Fighter began the quest for the Orb.
     0 | D:1      | Reached XP level 1. HP: 19/19 MP: 0/0
     0 | D:1      | magus.rc [v1.9.6]
    56 | D:1      | Found a faded altar of an unknown god.
    62 | D:1      | Prayed at the altar of an unknown god.
    62 | D:1      | Became a worshipper of Fedhas Madash
    62 | D:1      | Reached * piety under Fedhas
   154 | D:1      | Reached XP level 2. HP: 19/27 MP: 1/1
   687 | D:1      | Reached skill level 4 in Fighting
   687 | D:1      | Reached skill level 4 in Armour
   964 | D:1      | Reached skill level 4 in Shields
  1392 | D:2      | Reached skill level 3 in Long Blades
  1451 | D:2      | You pick up a book of Displacement and begin reading...
  1451 | D:2      | You add the spells Lesser Beckoning, Gell's Gravitas and
                  | Teleport Other to your library.
  1627 | D:2      | Reached XP level 3. HP: 32/33 MP: 2/2
  1833 | D:3      | Found a bloodstained altar of Trog.
  1848 | D:3      | Fell from the grace of Fedhas
  1848 | D:3      | Became a worshipper of Trog the Wrathful
  1849 | D:3      | magus.rc [v1.9.6]
  1971 | D:3      | Noticed a wandering mushroom
  1971 | D:3      | Noticed an oklob plant
  1971 | D:3      | Noticed an oklob plant
  1971 | D:3      | Noticed an oklob plant
  1973 | D:3      | Killed from afar by an oklob plant

Vanquished Creatures
  2 dart slugs
  2 ball pythons (D:1)
  3 bats
  2 endoplasms
  A giant cockroach (D:3)
  2 goblins
  5 hobgoblins
  6 jackals
  A frilled lizard (D:2)
  5 kobolds
  3 rats
32 creatures vanquished.

Table legend:
 A = Non-vault XP
 B = Vault XP
 C = Vault XP percentage of total XP
 D = Non-vault monster count
 E = Vault monster count
 F = Vault count percentage of total count
                 A         B        C        D         E       F
            +---------+---------+-------+---------+---------+-------
      Total |      57 |       0 |   0.0 |      32 |       0 |   0.0
            +---------+---------+-------+---------+---------+-------
        D:1 |      32 |       0 |   0.0 |      18 |       0 |   0.0
        D:2 |      13 |       0 |   0.0 |       8 |       0 |   0.0
        D:3 |      12 |       0 |   0.0 |       6 |       0 |   0.0
            +---------+---------+-------+---------+---------+-------

Illustrated notes

Table legend:
 A = Kills in this place as a percentage of kills in entire the game.
 B = Kills by you in this place as a percentage of kills by you in the entire game.
 C = Kills by friends in this place as a percentage of kills by friends in the entire game.
 D = Other kills in this place as a percentage of other kills in the entire game.
 E = Experience gained in this place as a percentage of experience gained in the entire game.
 F = Experience gained in this place divided by the number of levels of this place that you have seen.
                   A       B       C       D       E      F
               +-------+-------+-------+-------+-------+----------------------
         Total | 100.0 | 100.0 |   N/A |   N/A | 100.0 |  19.0
       Dungeon | 100.0 | 100.0 |   N/A |   N/A | 100.0 |  19.0
               +-------+-------+-------+-------+-------+----------------------

Table legend: (Time is in decaauts)
 A = Elapsed time spent in this place.
 B = Non-inter-level travel time spent in this place.
 C = Inter-level travel time spent in this place.
 D = Time resting spent in this place.
 E = Time spent auto-exploring this place.
 F = Levels seen in this place.
 G = Mean time per level.
                   A        B        C        D        E       F      G
               +--------+--------+--------+--------+--------+-----+--------+
         Total |   1985 |   1950 |     35 |      0 |   1564 |   3 |  661.7 |
       Dungeon |   1985 |   1950 |     35 |      0 |   1564 |   3 |  661.7 |
               +--------+--------+--------+--------+--------+-----+--------+

Top non-repeatable levels by time:
     D:1: 1089 daAuts
     D:2: 690 daAuts
     D:3: 205 daAuts
